 Dungeon Crawl Stone Soup version 0.17.0-26-gececa24 (console) character file.

118 gw the Cutter (level 5, -8/26 HPs)
             Began as a Vine Stalker Artificer on Nov 19, 2015.
             Mangled by a gnoll
             ... wielding a +0 halberd
              (11 damage)
             ... on level 3 of the Dungeon.
             The game lasted 00:02:12 (1950 turns).

gw the Cutter (Vine Stalker Artificer)              Turns: 1950, Time: 00:02:12

Health: -8/26      AC:  8    Str: 13    XL:     5   Next: 2%
Magic:  0/8        EV: 11    Int: 10    God:
Gold:   109        SH:  0    Dex: 14    Spells: 0 memorised, 4 levels left

rFire  . . .     SeeInvis .     a - +1 short sword
rCold  . . .     Clarity  .     r - +0 ring mail
rNeg   . . .     SustAt   .     (no shield)
rPois  +         Gourm    .     (no helmet)
rElec  .         Spirit   +     (no cloak)
rCorr  .         Warding  .     h - +0 pair of gloves
rMut   .         Stasis   .     m - +0 pair of boots
MR     .....                    (no amulet)
Stlth  +.........               (no ring)
                                i - ring of poison resistance

@: not resistant to hostile enchantments, very unstealthy
A: fangs 2, clumsy 1, dopey 1, regeneration 1, shaggy fur 1, magic shield,
antimagic bite, no device heal 3, rot immunity
a: no special abilities


You were on level 3 of the Dungeon.
You were not hungry.

You visited 1 branch of the dungeon, and saw 3 of its levels.

You collected 109 gold pieces.

Inventory:

Hand Weapons
 a - a +1 short sword (weapon)
Missiles
 g - 72 stones (quivered)
 n - 13 poisoned needles
Armour
 h - a +0 pair of gloves (worn)
 m - a +0 pair of boots (worn)
 r - a +0 ring mail (worn)
Jewellery
 i - a ring of poison resistance (left hand)
Wands
 c - a wand of flame (10)
 d - a wand of enslavement (14)
 e - a wand of random effects (14)
Potions
 b - a potion of might
 j - a potion of curing {unknown}
Comestibles
 f - 3 bread rations
 k - 2 chunks of flesh
 l - 4 fruits
 q - a royal jelly


   Skills:
 + Level 1.9 Fighting
 * Level 2.8 Short Blades
 + Level 1.2 Throwing
 + Level 2.2 Dodging
 - Level 1.2 Stealth
 - Level 2.6 Evocations


You had 4 spell levels left.
You didn't know any spells.

Dungeon Overview and Level Annotations

Branches:
Dungeon (3/15)

Altars:


Innate Abilities, Weirdness & Mutations

You have extremely sharp teeth.
Your natural rate of healing is unusually fast.
When hurt, damage is shared between your health and your magic reserves.
Your bite disrupts and absorbs the magic of your enemies.
Potions and wands cannot restore your health.
You are immune to rotting.
You are clumsy. (Dex -2)
You are dopey. (Int -2)
You are covered in fur (AC +1).


Message History

ATTACK MOVE TO (-1,0)
You closely miss the orc.
The orc is moderately wounded.
The gnoll barely misses you. The goblin hits you but does no damage.
The orc hits you but does no damage. The orc barely misses your gnoll.
The gnoll hits you with a flail.
Your gnoll hits the orc with a club.
ATTACK MOVE TO (-1,0)
You hit the orc.
You kill the orc!
The hobgoblin hits you but does no damage.
The goblin closely misses you. The gnoll barely misses you.
The gnoll hits you but does no damage.
ATTACK MOVE TO (-1,1)
You closely miss the hobgoblin.
You bite the hobgoblin, but do no damage.
Your gnoll throws a throwing net.
The throwing net barely misses the hobgoblin.
The hobgoblin completely misses you. The goblin hits you but does no damage.
The gnoll hits you from afar with a halberd!
You die...

## .(.
...######## .
#........# ..
#........##..#
#..$g.......
#....gg..#
#....)f..####
.....#gg.###..
......##..##.#
...... ##.##.#
..... #..#.#
..... ##..[#
.... ##.#.##
.### #....##
#.....#####


You could see 2 gnolls, a hobgoblin, a goblin and a friendly gnoll.

Table legend:
 A = Turns spent in this place as a percentage of turns spent in the entire game.
 B = Non-inter-level travel turns spent in this place as a percentage of non-inter-level travel turns spent in the entire game.
 C = Inter-level travel turns spent in this place as a percentage of turns spent in this place.
 D = Turns resting spent in this place as a percentage of non-inter-level travel turns spent in this place.
 E = Turns spent auto-exploring this place as a percentage of non-inter-level travel turns spent in this place.
 F = Non-inter-level travel turns spent in this place divided by the number of levels of this place that you've seen.
                   A       B       C       D       E      F
               +-------+-------+-------+-------+-------+----------------------
         Total | 100.0 | 100.0 |   0.3 |   0.4 |   2.1 | 1541.3
       Dungeon | 100.0 | 100.0 |   0.3 |   0.4 |   2.1 | 1541.3
               +-------+-------+-------+-------+-------+----------------------

Table legend:
 A = Kills in this place as a percentage of kills in entire the game.
 B = Kills by you in this place as a percentage of kills by you in the entire game.
 C = Kills by friends in this place as a percentage of kills by friends in the entire game.
 D = Other kills in this place as a percentage of other kills in the entire game.
 E = Experience gained in this place as a percentage of experience gained in the entire game.
 F = Experience gained in this place divided by the number of levels of this place that you have seen.
                   A       B       C       D       E      F
               +-------+-------+-------+-------+-------+----------------------
         Total | 100.0 | 100.0 |  -nan |  -nan | 100.0 |  56.3
       Dungeon | 100.0 | 100.0 |  -nan |  -nan | 100.0 |  56.3
               +-------+-------+-------+-------+-------+----------------------

Vanquished Creatures
  A hound (D:3)
  2 adders
  An ooze (D:2)
  3 giant geckos
  2 orcs (D:3)
  A ball python (D:1)
  A giant cockroach (D:1)
  7 goblins
  4 hobgoblins (D:1)
  3 jackals (D:1)
  6 kobolds
  10 bats
  3 giant newts
  2 quokkas (D:2)
  9 rats
55 creatures vanquished.

Notes
Turn   | Place    | Note
--------------------------------------------------------------
     0 | D:1      | gw the Vine Stalker Artificer began the quest for the Orb.
     0 | D:1      | Reached XP level 1. HP: 9/9 MP: 3/3
     6 | D:1      | Noticed a polar bear
    46 | D:1      | Reached skill level 1 in Fighting
    46 | D:1      | Reached skill level 1 in Short Blades
   205 | D:1      | Reached XP level 2. HP: 14/14 MP: 5/5
   642 | D:1      | Reached XP level 3. HP: 18/18 MP: 6/6
  1043 | D:1      | Gained mutation: You are covered in fur (AC +1). [potion of mutation]
  1043 | D:1      | Gained mutation: You are clumsy. (Dex -2) [potion of mutation]
  1043 | D:1      | Gained mutation: You are dopey. (Int -2) [potion of mutation]
  1502 | D:2      | Reached XP level 4. HP: 22/22 MP: 7/7
  1615 | D:2      | Reached skill level 1 in Throwing
  1718 | D:3      | Found a faded altar to an unknown god.
  1939 | D:3      | Reached XP level 5. HP: 26/26 MP: 8/8
  1950 | D:3      | Mangled by a gnoll

Action                   |  1- 3 |  4- 6 || total
-------------------------+-------+-------++-------
Melee: Short sword       |   117 |    43 ||   160
Throw: Stone             |    98 |    23 ||   121
Evoke: Wand              |     5 |     2 ||     7
  Use: Potion            |     4 |     4 ||     8
       Scroll            |     3 |     2 ||     5
 Stab: Sleeping          |       |     1 ||     1
  Eat: Chunk             |     2 |     2 ||     4

Vault maps used:
D:1:      onia_arrival_zoo_common
D:2:      first_bread
D:3:      nicolae_tso_carved_into_rock, ecumenical_altar_1,
          kennysheep_jessica_study
